 Dungeon Crawl Stone Soup version 0.25.1-2-g60ff931df9 (webtiles) character file.

Game seed: 215627910798936557

34 graki42 the Firebug (level 3, -1/19 HPs)
             Began as a Deep Elf Fire Elementalist on Aug 3, 2020.
             Slain by an adder (3 damage)
             ... on level 2 of the Dungeon.
             The game lasted 00:03:49 (1135 turns).

graki42 the Firebug (Deep Elf Fire Elementalist)    Turns: 1135, Time: 00:03:49

Health: -1/19      AC:  2    Str:  6    XL:     3   Next: 14%
Magic:  9/10       EV: 13    Int: 19    God:
Gold:   77         SH:  0    Dex: 15    Spells: 2/9 levels left

rFire    . . .     SeeInvis .   b - +0 dagger
rCold    . . .     Gourm    .   (no shield)
rNeg     . . .     Faith    .   a - +0 robe
rPois    .         Spirit   .   (no helmet)
rElec    .         Reflect  .   (no cloak)
rCorr    .         Harm     .   (no gloves)
MR       .....                  (no boots)
Stlth    ++........             (no amulet)
HPRegen  0.06/turn              (no ring)
MPRegen  0.12/turn              (no ring)

@: brilliant, lethally poisoned (-1 -> -16), flying
A: no striking features
a: no special abilities


You were on level 2 of the Dungeon.
You were hungry.

You visited 1 branch of the dungeon, and saw 2 of its levels.

You collected 77 gold pieces.

Inventory:

Hand Weapons
 b - a +0 dagger (weapon)
Armour
 a - a +0 robe (worn)
Scrolls
 e - 2 scrolls of identify {unknown}
 f - a scroll of enchant armour {unknown}
 j - a scroll of noise {unknown}
Potions
 i - a potion of stabbing {unknown}
Comestibles
 c - 3 rations
 d - a chunk of flesh


   Skills:
 + Level 0.1 Short Blades
 + Level 2.8 Dodging
 + Level 2.6 Stealth
 + Level 3.5 Spellcasting
 + Level 1.2 Conjurations
 + Level 4.0 Fire Magic


You had 2 spell levels left.
You knew the following spells:

 Your Spells              Type           Power        Failure   Level  Hunger
a - Foxfire               Conj/Fire      ###.         4%          1    None
b - Conjure Flame         Conj/Fire      ###.....     14%         3    None
c - Inner Flame           Hex/Fire       ###.....     19%         3    None

Your spell library contained the following spells:

 Spells                   Type           Power        Failure   Level  Hunger
 Sticky Flame             Conj/Fire      ###.....     43%         4    None
 Fireball                 Conj/Fire      ###.......   80%         5    None


Dungeon Overview and Level Annotations

Branches:
Dungeon (2/15)

Altars:


Message History

You closely miss the adder.
The adder is heavily wounded.
The adder bites you.
You are lethally poisoned!
The adder poisons you!
You barely miss the adder.
The adder is heavily wounded.
You feel sick. The adder barely misses you.
It was a potion of brilliance.
You feel clever all of a sudden. The adder bites you.
* * * LOW HITPOINT WARNING * * *
You are more poisoned.
The adder poisons you! The adder barely misses you.
It was a potion of flight.
You feel very buoyant.
You fly up into the air.
* * * LOW HITPOINT WARNING * * *
You feel sick. The adder bites you.
You die...

#.#......## #........
#.#.......# #........
#.#.......########'###
#................)....
###.......########.###
#.......# #..##
##......# #....
#######.# #....
#SS@....# #....
#w####### #.<.. #.# #
##... #.# #. #.#. #.#
.. . ..#. #w# .#...
..#. #.###.....♣ ...#
#...†....♣ ..##
####.#..♣.♣ ♣..


You could see a worm and 2 adders.

Vanquished Creatures
  2 dart slugs (D:1)
  A leopard gecko (D:1)
  8 hobgoblins
  3 bats (D:1)
  A frilled lizard (D:1)
  4 goblins (D:1)
  5 kobolds (D:1)
  3 rats (D:1)
27 creatures vanquished.

Vanquished Creatures (others)
  52 foxfires
52 creatures vanquished.

Grand Total: 79 creatures vanquished

Notes
Turn   | Place    | Note
-------+----------+-------------------------------------------
     0 | D:1      | graki42 the Deep Elf Fire Elementalist began the quest for
                  | the Orb.
     0 | D:1      | Reached XP level 1. HP: 10/10 MP: 6/6
   172 | D:1      | Reached XP level 2. HP: 15/15 MP: 8/8
   769 | D:1      | Reached XP level 3. HP: 19/19 MP: 8/10
   852 | D:1      | Learned a level 3 spell: Conjure Flame
   856 | D:1      | Learned a level 3 spell: Inner Flame
   870 | D:1      | Reached skill level 4 in Fire Magic
  1135 | D:2      | Slain by an adder

Illustrated notes

Levels and vault maps discovered:
D:1:      wander_arrival_fairy_ring, layout_basic, grunt_decor_arrowhead,
          roderic_roman_lattice, minmay_tetromino_l4
D:2:      layout_basic, chequers_ecumenical_altar_simple_redux, first_ration,
          okawaru_trees_2

Skill      XL: |  1  2  3 |
---------------+----------+-----
Fire Magic     | 4 |  4.0
Short Blades   | |  0.1
Dodging        | |  2.8
Stealth        | |  2.6
Spellcasting   | |  3.5
Conjurations   | |  1.2

Action                   || total
-------------------------++-------
Melee: Dagger            ||    17
 Cast: Foxfire           ||    33
  Use: Potion            ||     2
 Stab: Sleeping          ||     3
       Distracted        ||     1
Armor: Robe              ||     2
Dodge: Dodged            ||    19
